[ AOE2 MATCH · #506459921 ]
UnrankedSlavs vs Gurjaras
Player's team · WIN
Rival team · LOSS
[ REPLAY ANALYSIS · EXTRACTED FROM THE RECORDED GAME ]
Feudal
9:22
Castle
20:24
Imperial
47:21
| APM avg | 57.8 |
| APM peak | 80 |
| eAPM avg | 36.5 |
| Villagers / military | 360 / 413 |
Focus
⚔️ 46.8% · 🌾 53.2%
Spearman ×180 · Scout Cavalry ×125 · Boyar ×57 · Trebuchet (Packed) ×14 · Militia ×13 · Mangonel ×10
Feudal
8:56
Castle
25:38
Imperial
43:14
| APM avg | 54.0 |
| APM peak | 88 |
| eAPM avg | 26.2 |
| Villagers / military | 328 / 703 |
Focus
⚔️ 35.5% · 🌾 64.5%
Scout Cavalry ×347 · Camel Scout ×144 · Chakram Thrower ×112 · Skirmisher ×40 · Elephant Archer ×30 · Trebuchet (Packed) ×12
Match map
Initial resources + every placement click. Lines = walls · curves = elevation contours. ◆ gold · ⬟ stone · ● berries · ✦ relic · ◌ wall gap
Your base· ✓ Closed at 20:24 · 74t walls · no gate
kuanhsieubt's base· Open — opponent sealed themselves in
Smoothed initial terrain · ◌ = detected wall gap · hover for details
Inputs per minute
— YuYa_AoE - - kuanhsieubt
Build order — YuYa_AoE
First 150 of 850 actions detected
| 0:01 | Queue | Villager (Male) |
| 0:01 | Queue | Villager (Male) |
| 0:01 | Queue | Villager (Male) |
| 0:03 | Build | House |
| 0:04 | Build | House |
| 0:06 | Queue | Villager (Male) |
| 0:06 | Queue | Villager (Male) |
| 1:29 | Queue | Villager (Male) |
| 1:29 | Queue | Villager (Male) |
| 2:00 | Build | Lumber Camp |
| 2:04 | Queue | Villager (Male) |
| 2:17 | Queue | Villager (Male) |
| 2:46 | Queue | Villager (Male) |
| 3:08 | Queue | Villager (Male) |
| 3:09 | Queue | Villager (Male) |
| 3:48 | Queue | Villager (Male) |
| 3:51 | Build | House |
| 3:53 | Queue | Villager (Male) |
| 3:53 | Queue | Villager (Male) |
| 4:20 | Queue | Villager (Male) |
| 4:20 | Queue | Villager (Male) |
| 4:48 | Queue | Villager (Male) |
| 5:11 | Queue | Villager (Male) |
| 5:30 | Queue | Villager (Male) |
| 5:30 | Queue | Villager (Male) |
| 5:42 | Queue | Villager (Male) |
| 5:53 | Build | Barracks |
| 6:01 | Queue | Villager (Male) |
| 6:05 | Queue | Villager (Male) |
| 6:21 | Research | Loom |
| 6:44 | Build | House |
| 7:12 | Research | Feudal Age |
| 7:12 | Research | Feudal Age |
| 7:30 | Build | Mill |
| 7:41 | Queue | Militia |
| 7:41 | Queue | Militia |
| 8:17 | Build | Farm |
| 8:20 | Build | Farm |
| 8:27 | Queue | Militia |
| 8:27 | Queue | Militia |
| 8:36 | Build | Farm |
| 8:58 | Queue | Militia |
| 9:22 | Queue | Villager (Male) |
| 9:22 | Age | Feudal Age |
| 9:37 | Queue | Spearman |
| 9:44 | Build | Farm |
| 9:44 | Build | Farm |
| 9:55 | Queue | Villager (Male) |
| 9:56 | Queue | Villager (Male) |
| 9:57 | Build | Farm |
| 10:11 | Queue | Villager (Male) |
| 10:15 | Queue | Villager (Male) |
| 10:30 | Build | Mill |
| 11:07 | Queue | Villager (Male) |
| 11:09 | Queue | Spearman |
| 11:11 | Queue | Villager (Male) |
| 11:31 | Queue | Villager (Male) |
| 11:32 | Queue | Villager (Male) |
| 11:35 | Build | Lumber Camp |
| 11:38 | Queue | Villager (Male) |
| 11:41 | Build | Palisade Wall |
| 11:43 | Build | Palisade Wall |
| 11:44 | Queue | Villager (Male) |
| 11:50 | Build | House |
| 11:50 | Queue | Villager (Male) |
| 11:55 | Build | Palisade Wall |
| 12:01 | Queue | Villager (Male) |
| 12:08 | Build | Palisade Wall |
| 12:10 | Queue | Spearman |
| 12:17 | Research | Double-Bit Axe |
| 12:26 | Queue | Villager (Male) |
| 12:35 | Build | Palisade Wall |
| 12:36 | Queue | Villager (Male) |
| 12:42 | Build | Palisade Wall |
| 12:48 | Queue | Villager (Male) |
| 12:53 | Build | House |
| 13:05 | Build | Palisade Wall |
| 13:06 | Build | Palisade Wall |
| 13:13 | Queue | Villager (Male) |
| 13:28 | Queue | Villager (Male) |
| 13:34 | Queue | Villager (Male) |
| 13:38 | Queue | Spearman |
| 13:41 | Queue | Villager (Male) |
| 13:44 | Build | Mining Camp |
| 14:01 | Build | House |
| 14:02 | Build | Palisade Wall |
| 14:11 | Queue | Villager (Male) |
| 14:24 | Build | Farm |
| 14:24 | Build | Farm |
| 14:24 | Build | Farm |
| 14:24 | Build | Farm |
| 14:25 | Build | Farm |
| 14:25 | Build | Farm |
| 14:27 | Build | Palisade Wall |
| 14:41 | Build | Farm |
| 15:09 | Queue | Villager (Male) |
| 15:27 | Queue | Villager (Male) |
| 15:31 | Build | House |
| 15:52 | Build | Market |
| 15:58 | Build | Farm |
| 16:11 | Build | Farm |
| 16:12 | Queue | Villager (Male) |
| 16:23 | Build | House |
| 16:39 | Queue | Villager (Male) |
| 17:13 | Queue | Villager (Male) |
| 17:16 | Build | Blacksmith |
| 17:21 | Queue | Spearman |
| 17:41 | Research | Horse Collar |
| 17:44 | Research | Castle Age |
| 17:54 | Queue | Spearman |
| 18:06 | Build | House |
| 18:10 | Build | Watch Tower |
| 18:16 | Build | House |
| 18:20 | Build | House |
| 18:30 | Queue | Spearman |
| 18:40 | Build | House |
| 18:53 | Build | Farm |
| 18:55 | Build | Farm |
| 19:14 | Research | Gold Mining |
| 19:16 | Research | Padded Archer Armor |
| 19:25 | Build | Palisade Wall |
| 19:26 | Build | Palisade Wall |
| 19:27 | Build | Palisade Wall |
| 19:56 | Build | House |
| 20:22 | Queue | Spearman |
| 20:24 | Age | Castle Age |
| 20:33 | Build | Siege Workshop |
| 20:34 | Queue | Villager (Male) |
| 20:38 | Queue | Villager (Male) |
| 20:45 | Queue | Villager (Male) |
| 20:52 | Queue | Villager (Male) |
| 21:23 | Build | Town Center |
| 21:23 | Queue | Villager (Male) |
| 21:36 | Build | Palisade Wall |
| 21:45 | Queue | Scorpion |
| 21:50 | Queue | Villager (Male) |
| 21:52 | Queue | Spearman |
| 22:01 | Queue | Villager (Male) |
| 22:09 | Research | Pikeman (upgrade) |
| 22:15 | Build | House |
| 22:16 | Build | House |
| 22:35 | Build | Farm |
| 22:38 | Build | House |
| 22:40 | Build | House |
| 22:51 | Queue | Villager (Male) |
| 22:58 | Queue | Villager (Male) |
| 23:14 | Queue | Villager (Male) |
| 23:15 | Queue | Spearman |
| 23:19 | Build | Palisade Wall |
| 23:27 | Build | Palisade Wall |
Build order — kuanhsieubt
First 150 of 885 actions detected
| 0:01 | Queue | Villager (Male) |
| 0:01 | Queue | Villager (Male) |
| 0:02 | Queue | Villager (Male) |
| 0:02 | Build | House |
| 0:05 | Build | House |
| 0:07 | Queue | Villager (Male) |
| 1:25 | Queue | Villager (Male) |
| 1:25 | Queue | Villager (Male) |
| 1:45 | Build | Mill |
| 1:53 | Queue | Villager (Male) |
| 1:53 | Queue | Villager (Male) |
| 2:18 | Queue | Villager (Male) |
| 2:41 | Queue | Villager (Male) |
| 2:41 | Queue | Villager (Male) |
| 3:09 | Queue | Villager (Male) |
| 3:09 | Queue | Villager (Male) |
| 3:26 | Build | House |
| 3:35 | Queue | Villager (Male) |
| 4:11 | Queue | Villager (Male) |
| 4:11 | Queue | Villager (Male) |
| 4:12 | Queue | Villager (Male) |
| 4:12 | Queue | Villager (Male) |
| 4:33 | Queue | Villager (Male) |
| 4:43 | Build | Lumber Camp |
| 4:47 | Queue | Villager (Male) |
| 5:00 | Research | Loom |
| 5:00 | Research | Loom |
| 6:47 | Research | Feudal Age |
| 6:47 | Research | Feudal Age |
| 6:57 | Build | Mill |
| 7:34 | Queue | Villager (Male) |
| 7:53 | Build | Barracks |
| 7:56 | Build | House |
| 8:24 | Queue | Villager (Male) |
| 8:24 | Queue | Villager (Male) |
| 8:29 | Queue | Villager (Male) |
| 8:56 | Age | Feudal Age |
| 8:58 | Queue | Villager (Male) |
| 9:03 | Queue | Villager (Male) |
| 9:04 | Queue | Villager (Male) |
| 9:10 | Queue | Villager (Male) |
| 9:15 | Queue | Villager (Male) |
| 9:16 | Queue | Villager (Male) |
| 9:18 | Build | Stable |
| 9:19 | Queue | Villager (Male) |
| 9:25 | Queue | Villager (Male) |
| 9:25 | Queue | Villager (Male) |
| 9:33 | Queue | Villager (Male) |
| 9:33 | Queue | Villager (Male) |
| 9:50 | Research | Double-Bit Axe |
| 9:50 | Research | Double-Bit Axe |
| 9:51 | Queue | Spearman |
| 9:57 | Queue | Villager (Male) |
| 10:03 | Queue | Villager (Male) |
| 10:12 | Queue | Villager (Male) |
| 10:15 | Build | House |
| 10:18 | Queue | Villager (Male) |
| 10:21 | Build | Palisade Wall |
| 10:24 | Build | Farm |
| 10:46 | Queue | Villager (Male) |
| 10:58 | Queue | Villager (Male) |
| 11:22 | Queue | Villager (Male) |
| 11:24 | Build | Farm |
| 11:31 | Queue | Villager (Male) |
| 11:43 | Build | Farm |
| 11:49 | Queue | Villager (Male) |
| 11:50 | Queue | Villager (Male) |
| 11:52 | Queue | Villager (Male) |
| 11:57 | Queue | Villager (Male) |
| 11:57 | Queue | Villager (Male) |
| 11:57 | Queue | Villager (Male) |
| 11:59 | Build | Farm |
| 12:03 | Queue | Villager (Male) |
| 12:07 | Build | House |
| 12:10 | Queue | Scout Cavalry |
| 12:10 | Queue | Scout Cavalry |
| 12:10 | Queue | Scout Cavalry |
| 12:10 | Queue | Scout Cavalry |
| 12:25 | Build | Farm |
| 12:26 | Build | Farm |
| 12:27 | Queue | Villager (Male) |
| 12:45 | Build | Farm |
| 12:53 | Queue | Villager (Male) |
| 12:53 | Queue | Villager (Male) |
| 13:02 | Queue | Villager (Male) |
| 13:15 | Queue | Villager (Male) |
| 13:15 | Queue | Villager (Male) |
| 13:19 | Build | Farm |
| 13:21 | Queue | Spearman |
| 13:22 | Queue | Spearman |
| 13:25 | Queue | Villager (Male) |
| 13:26 | Queue | Villager (Male) |
| 13:32 | Build | Farm |
| 13:41 | Queue | Villager (Male) |
| 13:42 | Queue | Villager (Male) |
| 13:43 | Queue | Villager (Male) |
| 13:43 | Queue | Villager (Male) |
| 13:44 | Build | House |
| 13:49 | Queue | Scout Cavalry |
| 13:50 | Queue | Scout Cavalry |
| 13:50 | Queue | Scout Cavalry |
| 13:57 | Queue | Villager (Male) |
| 14:03 | Build | House |
| 14:08 | Research | Horse Collar |
| 14:08 | Research | Horse Collar |
| 14:09 | Queue | Villager (Male) |
| 14:10 | Queue | Villager (Male) |
| 14:18 | Queue | Villager (Male) |
| 14:21 | Build | Farm |
| 14:29 | Queue | Villager (Male) |
| 14:41 | Queue | Villager (Male) |
| 14:45 | Build | Blacksmith |
| 14:58 | Queue | Villager (Male) |
| 14:59 | Queue | Scout Cavalry |
| 15:14 | Queue | Villager (Male) |
| 15:15 | Queue | Villager (Male) |
| 15:15 | Queue | Villager (Male) |
| 15:26 | Queue | Villager (Male) |
| 15:26 | Queue | Villager (Male) |
| 15:35 | Build | Mining Camp |
| 15:45 | Research | Scale Barding Armor |
| 15:45 | Research | Scale Barding Armor |
| 15:52 | Build | Farm |
| 15:58 | Queue | Villager (Male) |
| 15:59 | Queue | Villager (Male) |
| 16:01 | Build | Farm |
| 16:02 | Queue | Villager (Male) |
| 16:14 | Build | Farm |
| 16:39 | Queue | Villager (Male) |
| 16:39 | Queue | Villager (Male) |
| 16:40 | Queue | Villager (Male) |
| 16:49 | Build | Watch Tower |
| 16:55 | Research | Forging |
| 16:56 | Research | Forging |
| 16:56 | Queue | Villager (Male) |
| 17:00 | Build | Mining Camp |
| 17:35 | Queue | Villager (Male) |
| 17:35 | Queue | Villager (Male) |
| 17:35 | Queue | Villager (Male) |
| 17:37 | Queue | Villager (Male) |
| 17:40 | Queue | Scout Cavalry |
| 17:40 | Queue | Scout Cavalry |
| 17:40 | Queue | Scout Cavalry |
| 17:45 | Build | House |
| 17:49 | Build | House |
| 17:51 | Queue | Villager (Male) |
| 17:58 | Build | Watch Tower |
| 18:00 | Queue | Villager (Male) |
| 18:03 | Build | Stable |
| 18:09 | Queue | Villager (Male) |
Match timeline
| 5:53 | YuYa_AoE · first_building Barracks |
| 7:53 | kuanhsieubt · first_building Barracks |
| 8:56 | kuanhsieubt · age_up feudal |
| 9:18 | kuanhsieubt · first_building Stable |
| 9:22 | YuYa_AoE · age_up feudal |
| 10:21 | kuanhsieubt · wall_segment Palisade Wall x3 |
| 11:41 | YuYa_AoE · wall_segment Palisade Wall x9 |
| 11:43 | YuYa_AoE · wall_segment Palisade Wall x5 |
| 11:55 | YuYa_AoE · wall_segment Palisade Wall x9 |
| 12:08 | YuYa_AoE · wall_segment Palisade Wall x25 |
| 12:35 | YuYa_AoE · wall_segment Palisade Wall x8 |
| 12:42 | YuYa_AoE · wall_segment Palisade Wall x7 |
| 13:05 | YuYa_AoE · wall_segment Palisade Wall x1 |
| 13:06 | YuYa_AoE · wall_segment Palisade Wall x1 |
| 14:02 | YuYa_AoE · wall_segment Palisade Wall x3 |
| 14:27 | YuYa_AoE · wall_segment Palisade Wall x1 |
| 18:19 | YuYa_AoE · first_market_buy 100 wood |
| 19:25 | YuYa_AoE · wall_segment Palisade Wall x5 |
| 19:26 | YuYa_AoE · wall_segment Palisade Wall x3 |
| 19:27 | YuYa_AoE · wall_segment Palisade Wall x1 |
| 20:24 | YuYa_AoE · age_up castle |
| 20:33 | YuYa_AoE · first_building Siege Workshop |
| 21:00 | YuYa_AoE · first_market_sell 100 food |
| 21:36 | YuYa_AoE · wall_segment Palisade Wall x1 |
| 22:57 | kuanhsieubt · first_market_buy 100 food |
| 23:19 | YuYa_AoE · wall_segment Palisade Wall x1 |
| 23:27 | YuYa_AoE · wall_segment Palisade Wall x1 |
| 23:28 | YuYa_AoE · wall_segment Palisade Wall x1 |
| 24:38 | kuanhsieubt · wall_segment Palisade Wall x1 |
| 24:38 | kuanhsieubt · wall_segment Palisade Wall x1 |
| 24:38 | kuanhsieubt · wall_segment Palisade Wall x2 |
| 24:38 | kuanhsieubt · wall_segment Palisade Wall x2 |
| 24:39 | kuanhsieubt · wall_segment Palisade Wall x1 |
| 25:36 | YuYa_AoE · wall_segment Palisade Wall x1 |
| 25:38 | kuanhsieubt · age_up castle |
| 25:44 | kuanhsieubt · first_building Siege Workshop |
| 26:58 | kuanhsieubt · wall_segment Palisade Wall x1 |
| 29:47 | kuanhsieubt · first_building Castle |
| 30:15 | kuanhsieubt · first_building Monastery |
| 31:34 | YuYa_AoE · wall_segment Palisade Wall x1 |
| 36:18 | YuYa_AoE · wall_segment Palisade Wall x2 |
| 37:02 | YuYa_AoE · wall_segment Palisade Wall x1 |
| 37:03 | YuYa_AoE · wall_segment Palisade Wall x1 |
| 42:56 | YuYa_AoE · first_building Castle |
| 43:14 | kuanhsieubt · age_up imperial |
| 47:21 | YuYa_AoE · age_up imperial |
| 53:39 | kuanhsieubt · first_building Archery Range |
| 58:55 | YuYa_AoE · first_building Stable |
| 69:51 | YuYa_AoE · first_building Monastery |
| 70:49 | kuanhsieubt · first_market_sell 100 wood |
| 73:26 | YuYa_AoE · wall_segment Palisade Wall x1 |
| 74:24 | kuanhsieubt · resign |
[ AI ANALYSIS · 1 CREDIT ]
What really happened in this match?
Wolo.gg analyzes every decision: build order, eco, micro, common mistakes by bracket. Personalized analysis on WhatsApp or Discord in 30 seconds.
Civ guide
Slavs
Perfil
Jugador #3032620